 Dungeon Crawl Stone Soup version 0.29-a0-322-g68df515428 (webtiles) character file.

Game seed: 7425809488322275145

814 chopper the Shield-Bearer (level 7, -15/60 HPs)
             Began as a Gnoll Fighter on Apr 6, 2022.
             Demolished by an ogre
             ... wielding a +0 giant club
              (17 damage)
             ... on level 5 of the Dungeon.
             The game lasted 00:18:32 (4474 turns).

chopper the Shield-Bearer (Gnoll Fighter)           Turns: 4474, Time: 00:18:33

Health: -15/60     AC: 10    Str: 17    XL:     7   Next: 93%
Magic:  11/11      EV:  7    Int:  8    God:
Gold:   192        SH:  5    Dex: 11    Spells: 11/11 levels left

rFire   . . .      SeeInvis .   a - +0 war axe
rCold   . . .      Faith    .   c - +0 buckler
rNeg    . . .      Spirit   .   n - +0 chain mail
rPois   .          Reflect  .   (no helmet)
rElec   .          Harm     .   (no cloak)
rCorr   .          Rampage  .   (no gloves)
Will    .....                   (no boots)
Stlth   ..........              (no amulet)
HPRegen 0.20/turn               q - ring of flight
MPRegen 0.12/turn               (no ring)

@: flying
A: fangs 1, strong nose, distributed training
a: no special abilities


You were on level 5 of the Dungeon.
You visited 1 branch of the dungeon, and saw 6 of its levels.

You collected 192 gold pieces.

Inventory:

Hand Weapons
 a - a +0 war axe (weapon)
Missiles
 j - 9 boomerangs (quivered)
 l - 5 atropa-tipped darts
 s - a curare-tipped dart
Armour
 c - a +0 buckler (worn)
 n - a +0 chain mail (worn)
 t - the +0 plate armour of Masochism {rN++ Str+4}
   (You found it on level 6 of the Dungeon)

   Str:       It affects your strength (+4).
   rN:        It greatly protects you from negative energy.
Jewellery
 q - a ring of flight (left hand)
 u - a +4 ring of protection
Wands
 k - a wand of iceblast (11)
Scrolls
 b - a scroll of acquirement {unknown}
 e - a scroll of brand weapon {unknown}
 f - 2 scrolls of immolation
 g - a scroll of fog
 m - a scroll of enchant weapon
 p - a scroll of fear {unknown}
 r - a scroll of teleportation {unknown}
Potions
 d - 2 potions of might
 h - 2 potions of curing
 i - a potion of brilliance
 o - a potion of invisibility {unknown}


   Skills:
 + Level 7.1 Fighting
 + Level 2.8 Short Blades
 + Level 2.8 Long Blades
 + Level 5.4 Axes
 + Level 2.8 Maces & Flails
 + Level 2.8 Polearms
 + Level 2.8 Staves
 + Level 2.8 Slings
 + Level 2.8 Bows
 + Level 2.8 Crossbows
 + Level 2.8 Throwing
 + Level 7.1 Armour
 + Level 2.8 Dodging
 + Level 2.8 Stealth
 + Level 7.1 Shields
 + Level 2.8 Unarmed Combat
 + Level 2.8 Spellcasting
 + Level 2.2 Conjurations
 + Level 2.2 Hexes
 + Level 2.2 Summonings
 + Level 2.2 Necromancy
 + Level 2.2 Translocations
 + Level 2.2 Transmutations
 + Level 2.2 Fire Magic
 + Level 2.2 Ice Magic
 + Level 2.2 Air Magic
 + Level 2.2 Earth Magic
 + Level 2.2 Poison Magic
 + Level 3.1 Invocations
 + Level 2.8 Evocations


You had 11 spell levels left.
You didn't know any spells.
Your spell library was empty.

Dungeon Overview and Level Annotations

Branches:
Dungeon (6/15)
 Temple: D:4-7

Altars:
Fedhas
Kikubaaqudgha
Sif Muna
Trog
Vehumet
Zin

Annotations:
D:4 exclusion: statue


Innate Abilities, Weirdness & Mutations

You have very sharp teeth.
Your uncanny sense of smell can sniff out nearby items.
Your experience applies equally to all skills.


Message History

An ogre comes into view. It is wielding a +0 giant club.
The ogre shouts!
An iguana comes into view.
The iguana hisses angrily.
Throw: 9 boomerangs
Press: ? - help, Q - select action, (/) - cycle Shift-Dir - straight line, f - iguana
Aim: an iguana (64% to hit)
You throw a boomerang.
The boomerang closely misses the iguana.
Throw: 9 boomerangs
Press: ? - help, Q - select action, (/) - cycle Shift-Dir - straight line, f/p - iguana
Aim: an iguana (64% to hit)
You throw a boomerang.
The boomerang hits the iguana but does no damage.
You slash the iguana!
The iguana is heavily wounded.
You barely miss the ogre. The iguana bites you.
The ogre hits you with a +0 giant club!!
You hit the iguana but do no damage. Your bite misses the iguana.
The iguana is heavily wounded.
You hit the ogre. The iguana barely misses you. The ogre barely misses you.
You completely miss the iguana.
The iguana is heavily wounded.
You closely miss the ogre. The iguana barely misses you.
You hit the iguana.
The iguana is heavily wounded.
You completely miss the ogre.
The iguana bites you but does no damage.
The ogre hits you with a +0 giant club!!
The iguana closely misses you.
You barely miss the iguana.
The iguana is heavily wounded.
You barely miss the ogre. The ogre hits you with a +0 giant club!
* * * LOW HITPOINT WARNING * * *
The iguana bites you.
* * * LOW HITPOINT WARNING * * *
You slash the iguana!
You kill the iguana!
You hit the ogre. The ogre hits you with a +0 giant club!
You die...

..####..####.##
..####..### .# ∆
..........# ..
..........# ...
..........#∆.(.. .
######.##.# ###+## ...
######.####....##....
.#.........#...O......
.'.........'..@.......
.#.........#......!...
#...##...########....
#... #...# ... #..
#..... . #.. #.....#
'. +.....# ##...##


You could see an ogre.

Vanquished Creatures
  Grinder (D:3)
  An ice beast (D:6)
  A centaur (D:6)
  A phantom (D:5)
  A kobold brigand (D:6)
  A jelly (D:6)
  A hound (D:5)
  3 iguanas
  Ijyb (D:3)
  5 adders
  A white imp (D:6)
  An ufetubus (D:5)
  3 dart slugs
  7 orcs (D:3)
  4 endoplasms
  3 giant cockroaches
  9 goblins
  6 hobgoblins
  7 jackals
  13 kobolds
  6 quokkas
  7 ball pythons
  5 bats
  3 frilled lizards
  A rat (D:1)
92 creatures vanquished.

Vanquished Creatures (others)
  10 toadstools (D:6)
10 creatures vanquished.

Grand Total: 102 creatures vanquished

Notes
Turn   | Place    | Note
-------+----------+-------------------------------------------
     0 | D:1      | chopper the Gnoll Fighter began the quest for the Orb.
     0 | D:1      | Reached XP level 1. HP: 23/23 MP: 1/1
   186 | D:1      | Reached XP level 2. HP: 29/29 MP: 2/2
   348 | D:1      | Reached XP level 3. HP: 25/35 MP: 3/3
  1134 | D:2      | Reached skill level 1 in Short Blades
  1134 | D:2      | Reached skill level 1 in Long Blades
  1134 | D:2      | Reached skill level 1 in Maces & Flails
  1134 | D:2      | Reached skill level 1 in Polearms
  1134 | D:2      | Reached skill level 1 in Staves
  1134 | D:2      | Reached skill level 1 in Slings
  1134 | D:2      | Reached skill level 1 in Bows
  1134 | D:2      | Reached skill level 1 in Crossbows
  1134 | D:2      | Reached skill level 1 in Throwing
  1134 | D:2      | Reached skill level 1 in Dodging
  1134 | D:2      | Reached skill level 1 in Stealth
  1134 | D:2      | Reached skill level 1 in Unarmed Combat
  1134 | D:2      | Reached skill level 1 in Spellcasting
  1134 | D:2      | Reached skill level 1 in Invocations
  1134 | D:2      | Reached skill level 1 in Evocations
  1134 | D:2      | Reached XP level 4. HP: 38/41 MP: 5/5
  1342 | D:2      | Reached skill level 1 in Conjurations
  1342 | D:2      | Reached skill level 1 in Hexes
  1342 | D:2      | Reached skill level 1 in Summonings
  1342 | D:2      | Reached skill level 1 in Necromancy
  1342 | D:2      | Reached skill level 1 in Translocations
  1342 | D:2      | Reached skill level 1 in Transmutations
  1342 | D:2      | Reached skill level 1 in Fire Magic
  1342 | D:2      | Reached skill level 1 in Ice Magic
  1342 | D:2      | Reached skill level 1 in Air Magic
  1342 | D:2      | Reached skill level 1 in Earth Magic
  1342 | D:2      | Reached skill level 1 in Poison Magic
  1872 | D:3      | Noticed Grinder
  1890 | D:3      | Killed Grinder
  1891 | D:3      | Reached skill level 5 in Axes
  1891 | D:3      | Reached XP level 5. HP: 10/47 MP: 5/7
  1891 | D:3      | Reached XP level 6. HP: 12/53 MP: 5/8
  2221 | D:3      | Noticed Ijyb
  2231 | D:3      | Killed Ijyb
  2660 | D:3      | Found a shimmering blue altar of Sif Muna.
  2660 | D:3      | Found an ancient bone altar of Kikubaaqudgha.
  3390 | D:4      | Found a radiant altar of Vehumet.
  3533 | D:4      | Found a glowing silver altar of Zin.
  3533 | D:4      | Found a bloodstained altar of Trog.
  3533 | D:4      | You are sucked into a shaft and drop 2 floors!
  3585 | D:6      | Reached XP level 7. HP: 53/59 MP: 10/10
  3671 | D:6      | Identified the +0 plate armour of Masochism {rN++ Str+4}
  3717 | D:6      | Found a blossoming altar of Fedhas.
  4331 | D:5      | Entered Level 5 of the Dungeon
  4473 | D:5      | HP: 2/60 [iguana (5)]
  4474 | D:5      | Demolished by an ogre

Illustrated notes

Levels and vault maps discovered:
D:1:      minmay_arrival_hallway, layout_rooms, nrook_loot_triangle,
          st_stairs_7, minmay_nonomino_d4
D:2:      layout_basic
D:3:      layout_loops_cross, gammafunk_temple_overflow_statue, uniq_grinder,
          uniq_ijyb
D:4:      layout_basic, vehumet_statue, amethyst_overflow_temple_binary,
          minmay_temple_entry_offerings, nrook_campfire
D:5:      layout_gridville
D:6:      cheibrodos_fertilizer, layout_basic, mainiacjoe_overflow_24_doors

Skill      XL: |  1  2  3  4  5  6  7 |
---------------+----------------------+-----
Short Blades   | 1 2 |  2.8
Long Blades    | 1 2 |  2.8
Maces & Flails | 1 2 |  2.8
Polearms       | 1 2 |  2.8
Staves         | 1 2 |  2.8
Slings         | 1 2 |  2.8
Bows           | 1 2 |  2.8
Crossbows      | 1 2 |  2.8
Throwing       | 1 2 |  2.8
Dodging        | 1 2 |  2.8
Stealth        | 1 2 |  2.8
Unarmed Combat | 1 2 |  2.8
Spellcasting   | 1 2 |  2.8
Invocations    | 1 2 3 |  3.1
Evocations     | 1 2 |  2.8
Conjurations   | 1 2 |  2.2
Hexes          | 1 2 |  2.2
Summonings     | 1 2 |  2.2
Necromancy     | 1 2 |  2.2
Translocations | 1 2 |  2.2
Transmutations | 1 2 |  2.2
Fire Magic     | 1 2 |  2.2
Ice Magic      | 1 2 |  2.2
Air Magic      | 1 2 |  2.2
Earth Magic    | 1 2 |  2.2
Poison Magic   | 1 2 |  2.2
Axes           | 5 |  5.4
Fighting       | 7 |  7.1
Armour         | 7 |  7.1
Shields        | 7 |  7.1

Action                   |  1- 3 |  4- 6 |  7- 9 || total
-------------------------+-------+-------+-------++-------
Melee: War axe           |    72 |   197 |    53 ||   322
       Bite              |     4 |    18 |     6 ||    28
Throw: Boomerang         |       |       |     2 ||     2
  Use: Scroll            |       |     5 |       ||     5
Armor: Scale mail        |    49 |    81 |       ||   130
       Chain mail        |       |    15 |    34 ||    49
Dodge: Dodged            |    61 |    86 |    19 ||   166
Block: Buckler           |    36 |    61 |    16 ||   113

Table legend: (Time is in decaauts)
 A = Elapsed time spent in this place.
 B = Non-inter-level travel time spent in this place.
 C = Inter-level travel time spent in this place.
 D = Time resting spent in this place.
 E = Time spent auto-exploring this place.
 F = Levels seen in this place.
 G = Mean time per level.
                   A        B        C        D        E       F      G
               +--------+--------+--------+--------+--------+-----+--------+
         Total |   4567 |   4567 |      0 |    968 |      0 |   6 |  761.2 |
       Dungeon |   4567 |   4567 |      0 |    968 |      0 |   6 |  761.2 |
               +--------+--------+--------+--------+--------+-----+--------+

Top non-repeatable levels by time:
     D:3: 1148 daAuts
     D:2: 1013 daAuts
     D:1: 876 daAuts
     D:6: 810 daAuts
     D:4: 570 daAuts
     D:5: 148 daAuts
